 Dungeon Crawl Stone Soup version 0.29.1-1-gd02db6906a (webtiles) character file.

Game seed: 339493181464963236

73880 groovy9 the Warrior (level 15, -9/120 HPs)
             Began as a Djinni Conjurer on Sept 28, 2022.
             Was the Champion of Makhleb.
             Mangled by an ettin
             ... wielding a +0 dire flail
              (19 damage)
             ... on level 1 of the Orcish Mines.
             The game lasted 01:20:53 (19980 turns).

groovy9 the Warrior (Djinni Conjurer)              Turns: 19980, Time: 01:20:54

Health: -9/120     AC: 10    Str:  6    XL:     15   Next: 92%
Gold:   2224       EV: 16    Int: 26    God:    Makhleb [******] SH:  0 Dex: 13

rFire   + + .      SeeInvis +   k - +9 quarterstaff "Cettal" {vorpal, *Slow rElec rC+ rN+++}
rCold   + . .      Faith    .   (shield currently unavailable)
rNeg    + + +      Spirit   .   M - +0 troll leather armour
rPois   ∞          Reflect  .   v - +2 helmet
rElec   +          Harm     .   r - +0 cloak
rCorr   .          Rampage  .   h - +1 pair of gloves
Will    +....                   (boots unavailable)
Stlth   ++++......              A - amulet of regeneration
HPRegen 1.90/turn               J - ring of see invisible
MPRegen 0.00/turn               x - ring of protection from cold

@: flying
A: sickness immunity, fire resistance 2, cold vulnerability 1, float, innate
caster, HP casting, extra vitality 1
a: Renounce Religion, Minor Destruction, Lesser Servant of Makhleb, Major
Destruction, Greater Servant of Makhleb


You were on level 1 of the Orcish Mines.
You worshipped Makhleb.
Makhleb was exalted by your worship.
You visited 4 branches of the dungeon, and saw 19 of its levels.
You also visited: Bailey and Ice Cave.

You collected 2249 gold pieces.
You spent 25 gold pieces at shops.

Inventory:

Hand Weapons
 k - the +9 quarterstaff "Cettal" (weapon) {vorpal, *Slow rElec rC+ rN+++}
   (You found it in a bailey)

   It inflicts extra damage upon your enemies.
   rC:        It protects you from cold.
   rElec:     It insulates you from electricity.
   rN:        It renders you almost immune to negative energy.
   *Slow:     It may slow you when you take damage.
Missiles
 p - a throwing net
Armour
 h - a +1 pair of gloves (worn)
 i - the +5 kite shield of Golden the Good {rElec}
   (You found it in a bailey)

   rElec:     It insulates you from electricity.
 r - a +0 cloak (worn)
 u - a +0 leather armour of cold resistance
 v - a +2 helmet (worn)
 M - a +0 troll leather armour (worn)
 O - a +2 buckler
Magical Staves
 s - a staff of earth
Jewellery
 d - a ring of wizardry
 f - a ring of wizardry
 x - a ring of protection from cold (right hand)
 A - an amulet of regeneration (around neck)
 J - a ring of see invisible (left hand)
Wands
 c - a wand of flame (85)
 q - a wand of light (23)
 C - a wand of paralysis (10)
 E - a wand of mindburst (3)
 K - a wand of roots (3)
Scrolls
 a - 2 scrolls of identify
 m - 3 scrolls of fear
 t - 3 scrolls of vulnerability
 w - 10 scrolls of teleportation
 y - 5 scrolls of poison
 z - a scroll of immolation
 B - 2 scrolls of fog
 H - a scroll of brand weapon
 I - 3 scrolls of enchant weapon
Potions
 b - 4 potions of curing
 e - 2 potions of brilliance
 g - a potion of cancellation
 j - 3 potions of lignification
 l - 7 potions of attraction
 n - a potion of haste
 o - a potion of heal wounds
 D - a potion of mutation
 F - 2 potions of might
 G - 2 potions of invisibility
 L - 3 potions of degeneration {unknown}


   Skills:
 + Level 15.2 Fighting
 - Level 12.4 Dodging
 - Level 10.0 Stealth
 + Level 13.3 Spellcasting


You had 2 spell levels left.
You knew the following spells:

 Your Spells              Type           Power      Damage    Failure   Level
a - Magic Dart            Conj           100%       1d8       1%          1
b - Searing Ray           Conj           100%       2d8       1%          2
c - Dazzling Flash        Conj/Hex       100%       N/A       1%          3
d - Fulminant Prism       Conj/Hex       36%        3d18      1%          4
e - Iskenderun's Mystic   Conj/Tloc      72%        2d15      1%          4
f - Freeze                Ice            100%       1d11      1%          1
g - Poisonous Vapours     Pois/Air       100%       N/A       1%          2
h - Portal Projectile     Hex/Tloc       100%       N/A       1%          3
i - Lesser Beckoning      Tloc           72%        N/A       1%          3
j - Ice Form              Ice/Tmut       72%        N/A       1%          4
k - Iskenderun's Battles  Conj           72%        2d12      1%          5
l - Dispersal             Tloc           36%        N/A       3%          6
Your spell library was empty.

Dungeon Overview and Level Annotations

Branches:
Dungeon (12/15)            Temple (1/1) D:4            Lair (5/5) D:9
  Swamp (0/4) Lair:3       Spider (0/4) Lair:3        Slime (0/5) Lair:4
    Orc (1/2) D:10         Bailey (visited)           IceCv (visited)

Altars:
Ashenzari
Dithmenos
Fedhas
Gozag
Hepliaklqana
Makhleb
Nemelex Xobeh
Okawaru
Qazlal
Trog
Wu Jian
Xom
Yredelemnul
The Shining One
Jiyva

Shops:
D:1 (   D:10 (

Annotations:
D:8 1 runed translucent door, lambentLogic's ghost, novice KoEn
Lair:2 Harold
Lair:3 3 runed translucent doors, tardwrangler69's ghost, journeyman MiCK


Innate Abilities, Weirdness & Mutations

You are immune to sickness and miasma.
You are immune to poison.
Your flesh is very heat resistant. (rF++)
You are vulnerable to cold. (rC-)
You float through the air rather than walking.
You learn spells naturally, not from books.
Your magical power is your life essence.
You have superior vitality. (+4 MHP)


Message History

Casting: Dispersal (dangerous; 3% risk of failure)
Press: ? - help, Dir - look around, f - activate The orc warlord disappears!
You start resting.
HP restored.
Done exploring.
There is a staircase to the Orcish Mines here.
You fly downwards.
Welcome back to the Orcish Mines!
The ettin misses you.
The ettin hits you with a +1 dire flail of protection!!
The orc wizard gestures at you while chanting.
The magic dart hits you. The orc closely misses you.
The ogre hits you with a +0 giant club!
The ettin hits you with a +0 dire flail!!
The ettin hits you with a +1 dire flail of protection!
* * * LOW HITPOINT WARNING * * *
The orc barely misses you.
There is a staircase back to the Dungeon here.
Casting: Dispersal (dangerous; 3% risk of failure)
Confirm with . or Enter, or press ? or * to list all spells.
You erupt in a blast of force!
The mystic blast hits the orc knight!
The orc knight is lightly wounded.
The orc knight is knocked back by the mystic blast.
The orc knight collides with the orc!
You kill the orc!
Makhleb accepts your kill.
You feel better.
The mystic blast hits the orc!
You kill the orc!
Makhleb accepts your kill.
You feel better.
The mystic blast hits the ettin!!
The ettin is heavily wounded.
The mystic blast hits the ogre!
The ogre is heavily wounded.
The ogre is knocked back by the mystic blast.
The ogre collides with the orc knight!
The ogre is almost dead.
* * * LOW HITPOINT WARNING * * *
The ettin hits you with a +0 dire flail!!
* * * LOW HITPOINT WARNING * * *
The ettin hits you with a +1 dire flail of protection!!
You die...

##.# ..... #...
# ..#.. ...#
....... .
...#....$#. ..
...#......
#.##[[).)....
##...[$......
#..)>@)[.....
#....CO.......
.......o.[.o...
.......).o.....
..#......o.....
...#.#.$.......
...............
.#.............


You could see an orc knight, an ettin, an orc warrior, an ogre, an orc wizard
and an orc.

Vanquished Creatures
  Kirke (D:12)
  Snorg (D:10)
  7 hydras
  5 two-headed ogres
  A centaur warrior (D:10)
  6 death yaks (Lair:4)
  A necromancer (IceCv)
  An orc knight (Bailey)
  2 manticores (D:12)
  An orc sorcerer (Orc:1)
  3 cyclopes
  An ugly thing (D:12)
  10 elephants (Lair:4)
  An ice statue (IceCv)
  An eye of devastation (Lair:4)
  9 cane toads
  A torpor snail (Lair:2)
  9 black mambas
  3 gargoyles
  4 rime drakes
  10 komodo dragons
  An anaconda simulacrum (IceCv)
  15 ice devils
  3 freezing wraiths (IceCv)
  6 trolls
  4 polar bears (Lair:5)
  5 hornets (Lair:5)
  21 blink frogs
  3 slime creatures (D:12)
  A dream sheep (Lair:5)
  A jumping spider (Lair:3)
  2 culicivoras (Lair:3)
  2 shadows
  69 yaks
  15 spriggans (Lair:5)
  4 wyverns
  A wraith (D:12)
  2 dire elephant simulacra (IceCv)
  5 hogs (D:12)
  2 basilisks
  2 steam dragons
  2 redbacks (Lair:3)
  7 vampire mosquitoes
  2 death yak simulacra (IceCv)
  4 hydra simulacra (IceCv)
  An acid dragon (D:9)
  A floating eye (Lair:4)
  23 water moccasins
  22 orc warriors
  4 sky beasts
  4 ice beasts
  9 black bears
  21 wolves
  4 boggarts (Lair:5)
  6 centaurs
  2 ogres (Orc:1)
  3 kobold brigands
  9 bullfrogs
  4 necrophages
  A scorpion (D:5)
  2 two-headed ogre simulacra (IceCv)
  5 wights (D:7)
  7 cane toad simulacra (IceCv)
  12 killer bees
  6 elephant simulacra (IceCv)
  6 howler monkeys
  2 electric eels
  3 hounds
  Crazy Yiuf (D:2)
  14 orc priests
  A jelly (D:5)
  5 iguanas
  23 orc wizards
  A polar bear simulacrum (IceCv)
  4 wolf simulacra (IceCv)
  A spriggan simulacrum (IceCv)
  A centaur simulacrum (D:9)
  Robin (D:2)
  4 gnolls (D:5)
  10 adders
  7 white imps
  6 ufetubi
  2 worms
  6 dart slugs
  84 orcs
  7 ball pythons
  6 bats
  4 endoplasms
  2 giant cockroaches (D:2)
  20 goblins
  9 hobgoblins
  A jackal (D:1)
  18 kobolds
  5 quokkas
  A ball python zombie (D:3)
  2 frilled lizards
  A jackal zombie (D:3)
  5 rats
  A butterfly (Lair:1)
667 creatures vanquished.

Vanquished Creatures (others)
  A human (D:12)
  89 fulminant prisms
  28 fungi
  80 plants
198 creatures vanquished.

Grand Total: 865 creatures vanquished

Notes
Turn   | Place    | Note
-------+----------+-------------------------------------------
     0 | D:1      | groovy9 the Djinni Conjurer began the quest for the Orb.
     0 | D:1      | groovy9 set off with the following spells memorised: Magic
                  | Dart, Searing Ray, Dazzling Flash, Fulminant Prism,
                  | Iskenderun's Mystic Blast.
     0 | D:1      | Reached XP level 1. HP: 15/15 MP: 0/0
   208 | D:1      | Reached skill level 1 in Fighting
   208 | D:1      | Reached XP level 2. HP: 16/22 MP: 0/0
   417 | D:1      | Found Ughotoh's Antique Weapon Shoppe.
   771 | D:1      | Reached XP level 3. HP: 24/27 MP: 0/0
   771 | D:1      | Learned a level 1 spell: Freeze
  1002 | D:1      | Found a faded altar of an unknown god.
  1366 | D:2      | Reached skill level 2 in Fighting
  1368 | D:2      | Noticed Robin
  1374 | D:2      | Killed Robin
  1375 | D:2      | Reached XP level 4. HP: 10/33 MP: 0/0
  2285 | D:2      | Found a runed translucent door.
  2286 | D:2      | Noticed Crazy Yiuf
  2784 | D:2      | Killed Crazy Yiuf
  2785 | D:2      | Reached XP level 5. HP: 29/40 MP: 0/0
  2785 | D:2      | Learned a level 2 spell: Poisonous Vapours
  3050 | D:3      | Reached skill level 3 in Fighting
  3309 | D:3      | Found a basalt altar of Yredelemnul.
  4360 | D:4      | Reached XP level 6. HP: 29/46 MP: 0/0
  4474 | D:4      | Found a shadowy altar of Dithmenos.
  4475 | D:4      | Found an ornate altar of the Wu Jian Council.
  4578 | D:4      | Found a glowing golden altar of the Shining One.
  4591 | D:4      | Noticed an ogre
  4809 | D:4      | Found a staircase to the Ecumenical Temple.
  4818 | Temple   | Entered the Ecumenical Temple
  4859 | Temple   | Became a worshipper of Makhleb the Destroyer
  4967 | D:4      | Reached skill level 5 in Spellcasting
  5094 | D:5      | Entered Level 5 of the Dungeon
  5123 | D:5      | Reached XP level 7. HP: 41/50 MP: 0/0
  5123 | D:5      | Learned a level 3 spell: Portal Projectile
  5777 | D:5      | Reached XP level 8. HP: 45/56 MP: 0/0
  6055 | D:5      | Reached skill level 4 in Fighting
  6156 | D:5      | Reached * piety under Makhleb
  6620 | D:5      | Reached skill level 5 in Fighting
  7056 | D:6      | Found an iron altar of Okawaru.
  7216 | D:6      | Found a hazy altar of Hepliaklqana.
  7255 | D:6      | Reached XP level 9. HP: 55/65 MP: 0/0
  7255 | D:6      | Learned a level 3 spell: Lesser Beckoning
  7556 | D:6      | Reached skill level 6 in Fighting
  8040 | D:6      | Reached ** piety under Makhleb
  8417 | D:7      | Reached skill level 7 in Fighting
  8428 | D:7      | Noticed a gargoyle
  9108 | D:7      | Found Tipuravu's CLEARANCE SALE!.
  9113 | D:7      | Bought a scroll of teleportation for 15 gold pieces
  9113 | D:7      | Bought a scroll of identify for 10 gold pieces
  9142 | D:7      | Killed a gargoyle
  9143 | D:7      | Reached skill level 8 in Fighting
  9143 | D:7      | Reached XP level 10. HP: 69/76 MP: 0/0
  9716 | D:8      | Reached skill level 5 in Dodging
  9996 | D:8      | Found a runed translucent door.
  9997 | D:8      | Noticed lambentLogic's ghost (novice KoEn)
  9998 | D:8      | Identified the +7 trident "Oqyffyto" {pain, rPois Str+4}
 10508 | D:8      | Identified a scroll of acquirement
 10509 | D:8      | Acquired 877 gold pieces
 10601 | D:9      | Reached *** piety under Makhleb
 10635 | D:9      | Noticed a two-headed ogre
 10651 | D:9      | Killed a two-headed ogre
 10756 | D:9      | Reached XP level 11. HP: 53/81 MP: 0/0
 10756 | D:9      | Learned a level 4 spell: Ice Form
 10846 | D:9      | Reached skill level 10 in Dodging
 11115 | D:9      | Noticed a two-headed ogre
 11123 | D:9      | Killed a two-headed ogre
 11246 | D:9      | Reached **** piety under Makhleb
 11526 | D:9      | Found a staircase to the Lair.
 11763 | D:9      | Noticed a two-headed ogre
 11771 | D:9      | Killed a two-headed ogre
 11967 | Lair:1   | Entered Level 1 of the Lair of Beasts
 12167 | Lair:1   | Reached skill level 5 in Stealth
 12167 | Lair:1   | Reached XP level 12. HP: 80/87 MP: 0/0
 12768 | Lair:2   | Noticed Harold
 13152 | Lair:3   | Reached ***** piety under Makhleb
 13162 | Lair:3   | Reached skill level 10 in Stealth
 13172 | Lair:3   | Reached XP level 13. HP: 53/93 MP: 0/0
 13172 | Lair:3   | Learned a level 5 spell: Iskenderun's Battlesphere
 13210 | Lair:3   | Noticed a six-headed hydra
 13217 | Lair:3   | Killed a six-headed hydra
 13218 | Lair:3   | Reached skill level 9 in Fighting
 13292 | Lair:3   | Found a staircase to the Swamp.
 13463 | Lair:3   | Found a runed translucent gate.
 13464 | Lair:3   | Found a runed translucent gate.
 13466 | Lair:3   | Found a runed translucent gate.
 13522 | Lair:3   | Noticed a four-headed hydra
 13530 | Lair:3   | Killed a four-headed hydra
 13690 | Lair:3   | Reached skill level 10 in Fighting
 13760 | Lair:3   | Found a hole to the Spider Nest.
 14086 | Lair:3   | Noticed tardwrangler69's ghost (journeyman MiCK)
 14112 | Lair:4   | Reached skill level 10 in Spellcasting
 14115 | Lair:4   | Noticed a seven-headed hydra
 14130 | Lair:4   | Killed a seven-headed hydra
 14396 | Lair:4   | Found a staircase to the Slime Pits.
 14396 | Lair:4   | Found a viscous altar of Jiyva.
 14537 | Lair:4   | Reached skill level 11 in Fighting
 14548 | Lair:4   | Reached XP level 14. HP: 97/105 MP: 0/0
 14752 | Lair:4   | Identified the +0 leather armour "Koizuis" {-Cast Str+4}
 15057 | Lair:5   | Entered Level 5 of the Lair of Beasts
 15079 | Lair:5   | Reached skill level 12 in Fighting
 15082 | Lair:5   | Reached ****** piety under Makhleb
 15580 | Lair:5   | Reached skill level 13 in Fighting
 15712 | Lair:5   | Paralysed by a spriggan for 3 turns
 16655 | D:10     | Entered Level 10 of the Dungeon
 16754 | D:10     | Reached XP level 15. HP: 38/115 MP: 0/0
 16754 | D:10     | Learned a level 6 spell: Dispersal
 16865 | D:10     | Found a flagged portal.
 16871 | Bailey   | Entered a bailey
 17047 | Bailey   | Identified the +9 quarterstaff "Cettal" {vorpal, *Slow
                  | rElec rC+ rN+++}
 17050 | Bailey   | Identified the +14 crystal plate armour of Kihe {Rampage
                  | Str+5 Slay-4}
 17052 | Bailey   | Identified the +5 kite shield of Golden the Good {rElec}
 17235 | D:10     | Found Tauludy's Antique Weapon Shop.
 17460 | D:10     | Noticed Snorg
 17473 | D:10     | Killed Snorg
 17684 | D:10     | Found a staircase to the Orcish Mines.
 17922 | D:11     | Reached skill level 14 in Fighting
 18641 | D:12     | Noticed Kirke
 18647 | D:12     | Killed Kirke
 18678 | D:12     | Identified the +9 mace "Lareati" {drain, Fragile rPois rF+}
 18720 | D:12     | Found a frozen archway.
 18729 | IceCv    | Entered an ice cave
 18997 | IceCv    | Reached skill level 15 in Fighting
 19881 | Orc:1    | Entered Level 1 of the Orcish Mines
 19893 | Orc:1    | Noticed an orc warlord
 19980 | Orc:1    | Mangled by an ettin

Illustrated notes

Levels and vault maps discovered:
D:1:      elethiomel_arrival_quiet, layout_basic, serial_shops, shop,
          shapermc_ecumenical_altar_totnotflames, minmay_distorted
D:2:      minmay_diamond_boxcup, layout_loops_ring, grunt_ministairs_9,
          uniq_crazy_yiuf_cottage, uniq_robin
D:3:      layout_loops_ring, lemuel_zombie_altar_yredelemnul
D:4:      layout_rooms, chequers_temple_overflow_statue_of_worship,
          minmay_temple_entry_waves
D:5:      minmay_razor_zed, layout_basic, guppyfry_early_lair_pool
D:6:      layout_loops_corners, overflow_temple_1_default,
          kennysheep_okawaru_gauntlet, lexackson_kobold_supper
D:7:      layout_rooms, nicolae_shop_clearance
D:8:      layout_basic, ebering_ghost_funeral_grove, kennysheep_generic_room_15
D:9:      layout_long_grid, erik_lair_dragon, serial_ice, serial_ice_l,
          serial_ice_e, serial_ice_d, serial_ice_h, serial_ice_c, serial_ice_o,
          serial_ice_a
D:10:     minmay_evil_eye, layout_basic, hiddenorc1_lemuel, serial_shops,
          shop_fountains, enter_bailey_3, uniq_snorg
D:11:     layout_rooms
D:12:     layout_irregular_city, portal_ice_cave_demonic_guard, uniq_kirke
Temple:   regret_index_temple_waves
Lair:1:   layout_hall_layers, lemuel_fruit_fields, infiniplex_staircase_pool
Lair:2:   layout_gridlike, uniq_harold
Lair:3:   layout_chaotic_city, minmay_swamp_entry_swarm,
          spider_nest_entry_funnel_web, serial_forest,
          infiniplex_forest_corner_1, infiniplex_forest_lined_ring,
          infiniplex_forest_lined_room_2, infiniplex_forest_side_room,
          infiniplex_forest_clump_long, infiniplex_forest_lined_2,
          ebering_ghost_rock_garden, beast_lair_carwin_1
Lair:4:   layout_roguey, minmay_slime_entry_eyes, grunt_megastairs_2,
          serial_bayou_shore_b
Lair:5:   minmay_lair_end_enchanted_forest, layout_small_grid
Orc:1:    layout_caves, uniq_jorgrun

Skill      XL: |  1  2  3  4  5  6  7  8  9 10 11 12 13 14 15 |
---------------+----------------------------------------------+-----
Fighting       | 1 2 3 5 8 11 13 15 | 15.2
Spellcasting   | 4 5 6 7 8 9 10 12 13 | 13.3
Dodging        | 9 12 | 12.4
Stealth        | 5 10 | 10.0

Action                   |  1- 3 |  4- 6 |  7- 9 | 10-12 | 13-15 || total
-------------------------+-------+-------+-------+-------+-------++-------
Melee: Quarterstaff      |       |       |       |       |     1 ||     1
 Cast: Magic Dart        |    40 |    63 |    82 |    97 |   207 ||   489
       Searing Ray       |    11 |    27 |    48 |    91 |   188 ||   365
       Iskenderun's Myst |       |     1 |    33 |   122 |   330 ||   486
       Fulminant Prism   |       |       |     2 |    11 |    76 ||    89
       Poisonous Vapours |       |       |       |     8 |       ||     8
       Iskenderun's Batt |       |       |       |       |     8 ||     8
       Dispersal         |       |       |       |       |     1 ||     1
  Use: Scroll            |       |    12 |     7 |     6 |     6 ||    31
       Potion            |       |       |       |       |     1 ||     1
Armor: Robe              |     1 |     4 |       |       |       ||     5
       Leather armour    |       |     7 |    12 |     9 |    17 ||    45
       Troll leather arm |       |       |       |       |     1 ||     1
Dodge: Dodged            |     5 |    19 |    18 |    45 |    77 ||   164
Block: Buckler           |       |     2 |       |     7 |    14 ||    23
